 Dungeon Crawl Stone Soup version 0.26-a0-597-gb535b0901c (webtiles) character file.

Game seed: 10335062421348111314

8 Lugonue the Stinger (level 2, 19/19 HPs)
             Began as a Demonspawn Venom Mage on Sept 4, 2020.
             Quit the game on level 1 of the Dungeon.
             The game lasted 00:00:32 (159 turns).

Lugonue the Stinger (Demonspawn Venom Mage)          Turns: 159, Time: 00:00:32

Health: 19/19      AC:  2    Str:  8    XL:     2   Next: 0%
Magic:  1/5        EV: 12    Int: 16    God:
Gold:   13         SH:  0    Dex: 13    Spells: 4/5 levels left

rFire    . . .     SeeInvis .   (no weapon)
rCold    . . .     Faith    .   (no shield)
rNeg     . . .     Spirit   .   a - +0 robe
rPois    .         Reflect  .   (no helmet)
rElec    .         Harm     .   (no cloak)
rCorr    .                      (no gloves)
MR       .....                  (no boots)
Stlth    ++........             (no amulet)
HPRegen  0.06/turn              (no ring)
MPRegen  0.09/turn              (no ring)

@: no status effects
A: spiny 1
a: no special abilities


You were on level 1 of the Dungeon.
You visited 1 branch of the dungeon, and saw 1 of its levels.

You collected 13 gold pieces.

Inventory:

Armour
 a - a +0 robe (worn)


   Skills:
 + Level 1.8 Dodging
 + Level 1.8 Stealth
 + Level 2.2 Spellcasting
 + Level 0.9 Transmutations
 + Level 3.2 Poison Magic


You had 4 spell levels left.
You knew the following spells:

 Your Spells              Type           Power        Failure   Level
a - Sting                 Tmut/Pois      #...         9%          1

Your spell library contained the following spells:

 Spells                   Type           Power        Failure   Level
 Poisonous Vapours        Pois/Air       #.....       16%         2
 Ignite Poison            Fire/Tmut/Pois #.......     34%         3
 Mephitic Cloud           Conj/Pois/Air  #.......     36%         3
 Olgreb's Toxic Radiance  Pois           ##......     45%         4


Dungeon Overview and Level Annotations

Branches:
Dungeon (1/15)

Altars:


Innate Abilities, Weirdness & Mutations

You are partially covered in sharp spines.


Message History

You kill the giant cockroach!
Items here: ( ) ††.
A goblin is nearby!
Unknown command.
A goblin is nearby!
A goblin is nearby!
A goblin is nearby!
Items here: ( ) ††.
Casting: Sting (safe; 9% risk of failure)
Confirm with . or Enter, or press ? or * to list all spells.
Aiming: Sting (safe; 9% risk of failure)
Press: ? - help, Shift-Dir - straight line, f - goblin
Aim: a goblin The sting hits the goblin.
The goblin is poisoned.
You kill the goblin!
You have reached level 2!
Your demonic ancestry asserts itself...
Sharp spines emerge from parts of your body.
Unknown command.
Are you sure you want to abandon this character and quit the game? (Confirm with "yes".)

#####+###..#####.#
##.# #(# #... #.#
##.#. #(# .. ##(#
#.. #.# ..##.# #.#
#@# #.# #†# #...#
....... ....##..##
... ##.# .. #.. .
##.


There were no monsters in sight!

Vanquished Creatures
  A giant cockroach (D:1)
  A goblin (D:1)
  A hobgoblin (D:1)
  3 kobolds (D:1)
6 creatures vanquished.

Notes
Turn   | Place    | Note
-------+----------+-------------------------------------------
     0 | D:1      | Lugonue the Demonspawn Venom Mage began the quest for the
                  | Orb.
     0 | D:1      | Reached XP level 1. HP: 13/13 MP: 3/3
     0 | D:1      | Noticed an ice dragon
     0 | D:1      | Noticed an ice dragon
     2 | D:1      | Noticed a tentacled monstrosity
     7 | D:1      | Noticed an orb of fire
    10 | D:1      | Noticed an iron dragon
    10 | D:1      | Noticed an iron dragon
    12 | D:1      | Noticed a shadow dragon
    14 | D:1      | Noticed an iron dragon
    14 | D:1      | Noticed an orb of fire
    14 | D:1      | Noticed an iron dragon
    16 | D:1      | Noticed an iron dragon
    16 | D:1      | Noticed an orb of fire
    18 | D:1      | Noticed an ice dragon
    18 | D:1      | Noticed a yellow draconian
    20 | D:1      | Noticed a shadow dragon
   158 | D:1      | Gained mutation: You are partially covered in sharp spines.
                  | [demonic ancestry]
   158 | D:1      | Reached XP level 2. HP: 19/19 MP: 1/5
   159 | D:1      | Quit the game

Illustrated notes

Levels and vault maps discovered:
D:1:      shiori_arrival_whats_in_store_for_you, layout_basic

Action                   || total
-------------------------++-------
Melee: Unarmed           ||     4
 Cast: Sting             ||     7
Armor: Robe              ||     1
Dodge: Dodged            ||     9

Table legend: (Time is in decaauts)
 A = Elapsed time spent in this place.
 B = Non-inter-level travel time spent in this place.
 C = Inter-level travel time spent in this place.
 D = Time resting spent in this place.
 E = Time spent auto-exploring this place.
 F = Levels seen in this place.
 G = Mean time per level.
                   A        B        C        D        E       F      G
               +--------+--------+--------+--------+--------+-----+--------+
         Total |    159 |    159 |      0 |      0 |    109 |   1 |  159.0 |
       Dungeon |    159 |    159 |      0 |      0 |    109 |   1 |  159.0 |
               +--------+--------+--------+--------+--------+-----+--------+

Top non-repeatable levels by time:
     D:1: 159 daAuts
